 Dungeon Crawl Stone Soup version 0.17-a0-1882-g750edc8 (webtiles) character file.

6325 derrpe the Carver (level 11, 0/89 HPs)
             Began as a Formicid Fighter on Sept 22, 2015.
             Was an Elder of Okawaru.
             Killed by the air
             ... invoked by Gastronok
              (16 damage)
             ... on level 1 of the Lair of Beasts.
             The game lasted 00:24:00 (10584 turns).

derrpe the Carver (Formicid Fighter)               Turns: 10584, Time: 00:24:00

Health: 0/89       AC: 16    Str: 26    XL:     11   Next: 16%
Magic:  14/14      EV: 11    Int: 11    God:    Okawaru [****..]
Gold:   509        SH: 15    Dex: 10    Spells: 0 memorised, 10 levels left

rFire  + . .     SeeInvis +     a - +1 long sword
rCold  . . .     Clarity  .     G - +3 chain mail
rNeg   . . .     SustAt   .     c - +1 shield
rPois  +         Gourm    .     (helmet unavailable)
rElec  .         Spirit   .     (no cloak)
rCorr  .         Warding  .     f - +0 pair of gloves
rMut   .         Stasis   +     u - +0 pair of boots
MR     +....                    (no amulet)
Stlth  ..........               P - ring of protection from fire
                                o - ring of poison resistance

@: mighty, heroism, somewhat resistant to hostile enchantments, extremely
unstealthy
A: permanent stasis, dig shafts and tunnels, four strong arms, antennae 3
a: Dig, Shaft Self, Heroism, Renounce Religion


You were on level 1 of the Lair of Beasts.
You worshipped Okawaru.
Okawaru was greatly pleased with you.
You were not hungry.

You visited 3 branches of the dungeon, and saw 11 of its levels.

You collected 509 gold pieces.

Inventory:

Hand weapons
 a - a +1 long sword (weapon)
Armour
 c - a +1 shield (worn)
 f - a +0 pair of gloves (worn)
 u - a +0 pair of boots (worn)
 G - a +3 chain mail (worn)
Magical staves
 v - an uncursed staff of poison
Jewellery
 m - an uncursed ring of protection from cold
 o - a ring of poison resistance (left hand)
 q - an uncursed ring of flight
 A - an uncursed ring of positive energy
 P - a ring of protection from fire (right hand)
Magical devices
 b - a wand of paralysis (13)
 y - a wand of hasting (3)
 z - a wand of paralysis (11)
 J - a wand of fire (5)
 N - a wand of disintegration (22)
Scrolls
 g - 2 scrolls of magic mapping {unknown}
 h - 5 scrolls of remove curse
 j - a scroll of enchant weapon
 l - a scroll of enchant armour
 p - a scroll of teleportation {unknown}
 B - a scroll of recharging {unknown}
 C - 3 scrolls of identify
 D - 3 scrolls of blinking {unknown}
 K - a scroll of fog {unknown}
 M - 3 scrolls of noise {unknown}
 Q - a scroll of brand weapon {unknown}
Potions
 d - 2 potions of brilliance
 i - a potion of resistance
 k - a potion of flight
 n - a potion of agility
 r - 3 potions of curing
 t - 3 potions of lignification
 w - 2 potions of might
 F - a potion of magic {unknown}
 L - a potion of invisibility {unknown}
 O - a potion of heal wounds {unknown}
Comestibles
 e - 6 bread rations {@e1}
 s - 10 royal jellies
 x - 15 fruits
 E - a slice of pizza
 I - a beef jerky


   Skills:
 + Level 9.2(14.2) Fighting
 * Level 11.2(16.2) Long Blades
 + Level 3.7(8.7) Armour
 + Level 1.5(6.5) Dodging
 - Level 9.3(14.3) Shields
 - Level 5.0 Invocations


You had 10 spell levels left.
You didn't know any spells.

Dungeon Overview and Level Annotations

Branches:
Dungeon (9/15)             Temple (1/1) D:5            Lair (1/8) D:9
    Orc (0/4) D:9

Altars:
Ashenzari
Cheibriados
Dithmenos
Elyvilon
Fedhas
Gozag
Kikubaaqudgha
Makhleb
Nemelex Xobeh
Okawaru
Qazlal
Ru
Sif Muna
Trog
Vehumet
Xom
Yredelemnul
Zin
The Shining One

Shops:
D:5 !   D:7 :

Annotations:
Lair:1 Gastronok


Innate Abilities, Weirdness & Mutations

You are under a permanent stasis effect.
You can dig through walls and to a lower floor.
Your four strong arms can wield two-handed weapons with a shield.
You have a pair of large antennae on your head (SInv).


Message History

Gastronok is heavily wounded.
You hit Gastronok.
Gastronok is heavily wounded.
Gastronok bites you!!
* * * LOW HITPOINT WARNING * * *
You slash Gastronok!
Gastronok is heavily wounded.
You slash Gastronok!
Gastronok is severely wounded.
Drink which item? (? for menu, Esc to quit)
You feel very mighty all of a sudden. Gastronok bites you!
* * * LOW HITPOINT WARNING * * *
You slice Gastronok!!
Gastronok is severely wounded.
You slash Gastronok!
Gastronok is almost dead.
Gastronok waves his eye-stalks in wide circles.
The air twists around and strikes you!
You die...

........### .....#
..........# #....#
..........# #....##
...........#
#....$#
...........#
##....#
...........## ..>.#
............# #...#
............###...#
..............##@.#
...............w.##
............###.##
............# ##.#
............# .#
............# ##
..........###
........###
##....##.#


You could see Gastronok.

Vanquished Creatures
  The ghost of 4thArraOfDagon the Grappler, an experienced DrMo of Cheibriados (D:9)
  A black mamba (Lair:1)
  A komodo dragon (D:9)
  A basilisk (D:9)
  A hippogriff (Lair:1)
  A water moccasin (D:6)
  An eye of draining (D:9)
  3 sky beasts
  2 black bears
  An ice beast (D:7)
  A crocodile (Lair:1)
  5 ogres
  7 orc warriors
  3 phantoms
  2 centaurs
  A big kobold (D:8)
  3 giant frogs
  A water moccasin zombie (D:8)
  3 scorpions
  8 killer bees (D:7)
  4 crimson imps
  4 wights (D:9)
  A giant frog zombie (D:9)
  A giant frog skeleton (D:7)
  3 hounds
  5 jellies
  A centaur skeleton (D:7)
  6 orc priests
  An iguana (D:9)
  Terence (D:2)
  7 orc wizards
  5 worker ants
  The ghost of 4thArraOfDagon the Ruffian, a weakling DrMo (D:3)
  A hound zombie (D:5)
  A mummy (D:6)
  A worker ant zombie (D:4)
  10 adders
  5 gnolls
  8 river rats (Lair:1)
  2 shadow imps
  6 oozes
  2 adder zombies
  2 worms
  3 adder skeletons
  8 giant geckos
  45 orcs
  5 ball pythons
  7 bats
  7 giant cockroaches
  7 hobgoblins
  12 jackals
  9 kobolds
  3 quokkas
  3 giant newts
  11 goblins
  A hobgoblin zombie (D:6)
  2 jackal skeletons
  2 kobold zombies (D:6)
  An orc zombie (D:6)
  2 quokka zombies (D:6)
  6 rats
259 creatures vanquished.

Vanquished Creatures (others)
  A plant (D:9)
1 creature vanquished.

Grand Total: 260 creatures vanquished

Notes
Turn   | Place    | Note
--------------------------------------------------------------
     0 | D:1      | derrpe the Formicid Fighter began the quest for the Orb.
     0 | D:1      | Reached XP level 1. HP: 18/18 MP: 1/1
    87 | D:1      | Reached XP level 2. HP: 24/24 MP: 2/2
   320 | D:1      | Reached XP level 3. HP: 2/29 MP: 3/3
  1454 | D:1      | Reached XP level 4. HP: 25/35 MP: 4/4
  1621 | D:2      | Reached skill level 4 in Long Blades
  1979 | D:2      | Noticed Terence
  1991 | D:2      | Killed Terence
  1991 | D:2      | Reached XP level 5. HP: 36/41 MP: 5/5
  2890 | D:3      | Noticed 4thArraOfDagon's ghost (weakling DrMo)
  2916 | D:3      | Killed 4thArraOfDagon's ghost
  3544 | D:3      | Found a blossoming altar of Fedhas.
  3592 | D:3      | Reached XP level 6. HP: 48/48 MP: 6/6
  3855 | D:4      | Reached skill level 5 in Long Blades
  3915 | D:4      | Reached skill level 5 in Shields
  4208 | D:4      | Reached XP level 7. HP: 49/55 MP: 7/7
  4270 | D:4      | Found a glowing golden altar of the Shining One.
  4270 | D:4      | Found a stormy altar of Qazlal.
  4455 | D:5      | Entered Level 5 of the Dungeon
  4475 | D:5      | Found an iron altar of Okawaru.
  4487 | D:5      | Became a worshipper of Warmaster Okawaru
  4500 | D:5      | Reached skill level 5 in Fighting
  4500 | D:5      | Reached skill level 6 in Long Blades
  4575 | D:5      | Found Bituigga's Distillery.
  4578 | D:5      | Found a stormy altar of Qazlal.
  4629 | D:5      | Found a staircase to the Ecumenical Temple.
  4673 | D:5      | Found a shadowy altar of Dithmenos.
  4751 | D:5      | Found a deep blue altar of Sif Muna.
  4801 | D:5      | Acquired Okawaru's first power
  4801 | D:5      | Reached skill level 1 in Invocations
  4801 | D:5      | Reached XP level 8. HP: 62/62 MP: 8/8
  4837 | D:5      | Identified Sif Muna's Catalogue of the Glacier
  4864 | Temple   | Entered the Ecumenical Temple
  5460 | D:6      | Reached skill level 7 in Long Blades
  5733 | D:6      | Got a translucent scale mail
  5745 | D:6      | Identified the +2 scale mail "Xyxog" {Dex+5} (You found it on level 6 of the Dungeon)
  6008 | D:7      | Reached XP level 9. HP: 43/69 MP: 9/11
  6179 | D:7      | Reached skill level 8 in Long Blades
  6288 | D:7      | Found Muismuywk's Book Boutique.
  6490 | D:7      | Found a sacrificial altar of Ru.
  7336 | D:8      | Reached skill level 5 in Invocations
  7487 | D:8      | Reached skill level 9 in Long Blades
  7587 | D:8      | Reached XP level 10. HP: 29/79 MP: 13/13
  8207 | D:9      | Found a staircase to the Lair.
  8234 | D:9      | HP: 2/80 [komodo dragon (20)]
  8236 | D:9      | Reached skill level 10 in Long Blades
  8699 | D:9      | Noticed 4thArraOfDagon's ghost (experienced DrMo)
  8720 | D:9      | Killed 4thArraOfDagon's ghost
  8737 | D:9      | Found a staircase to the Orcish Mines.
  8830 | D:9      | Received a gift from Okawaru
  9579 | D:9      | Reached skill level 11 in Long Blades
  9579 | D:9      | Reached XP level 11. HP: 63/87 MP: 14/14
  9930 | Lair:1   | Entered Level 1 of the Lair of Beasts
 10011 | Lair:1   | Reached skill level 1 in Dodging
 10533 | Lair:1   | Noticed Gastronok
 10584 | Lair:1   | Killed from afar by Gastronok

Vault maps used:
D:1:      dpeg_arrival_long_road, minmay_misc_feat_ornament, moated_statue
D:2:      uniq_terence
D:3:      lemuel_round_altar, serial_park_tiny_1, serial_park_tiny_pond,
          minmay_shallow_snake_nest
D:4:      gammafunk_temple_overflow_pools, first_bread, minmay_misc_feat_chi,
          dk_vineyard_3
D:5:      lemuel_doored_altar, old_standard_altar, led_sif_book,
          minmay_temple_entry_large_hall, serial_shops, shop,
          grunt_ministairs_14, grunt_qazlal_clouds
D:6:      minmay_mini_ossuary
D:7:      nicolae_ru_great_annihilating_truth, serial_shops, shop
D:8:      hangedman_little_slice_of_home
D:9:      david_lair_shrubbed, david_orc_3, special_room
Temple:   circular_temple_12
Lair:1:   uniq_erica, uniq_gastronok

Action                   |  1- 3 |  4- 6 |  7- 9 | 10-12 || total
-------------------------+-------+-------+-------+-------++-------
Melee: Long sword        |   133 |   227 |   467 |   390 ||  1217
Invok: Heroism           |       |       |     3 |     5 ||     8
 Abil: Dig               |       |       |     1 |       ||     1
  Use: Potion            |     1 |     1 |       |     5 ||     7
       Scroll            |       |     9 |       |     3 ||    12
 Stab: Invisible         |       |       |     1 |       ||     1
       Paralysed         |       |       |     1 |       ||     1
  Eat: Chunk             |     2 |     9 |    12 |    10 ||    33
